 Dungeon Crawl Stone Soup version 0.29.0-4-gdea44cf6ec (webtiles) character file.

Game seed: 5104396753844648389

30 qw the Chopper (level 3, 0/21 HPs)
             Began as a Tengu Warper on Aug 29, 2022.
             Succumbed to their own poison gas
             ... on level 1 of the Dungeon.
             The game lasted 00:00:22 (1068 turns).

qw the Chopper (Tengu Warper)                       Turns: 1068, Time: 00:00:22

Health: 0/21       AC:  8    Str: 13    XL:     3   Next: 18%
Magic:  7/7        EV:  6    Int: 13    God:
Gold:   54         SH:  0    Dex: 13    Spells: 6/6 levels left

rFire   . . .      SeeInvis .   Y - +0 hand axe
rCold   . . .      Faith    .   (no shield)
rNeg    . . .      Spirit   .   g - +0 chain mail
rPois   .          Reflect  .   (helmet restricted)
rElec   .          Harm     .   (no cloak)
rCorr   .          Rampage  .   (no gloves)
Will    .....                   (boots unavailable)
Stlth   ..........              (no amulet)
HPRegen 0.07/turn               (no ring)
MPRegen 0.10/turn               (no ring)

@: lethally poisoned (0 -> -6)
A: beak, talons 3
a: no special abilities


You were on level 1 of the Dungeon.
You visited 1 branch of the dungeon, and saw 1 of its levels.

You collected 54 gold pieces.


Innate Abilities, Weirdness & Mutations

You have a beak for a mouth.
You have claws for feet.


   Skills:
 - Level 2.0 Fighting
 + Level 3.9 Axes
 - Level 1.0 Throwing
 - Level 1.1 Armour
 - Level 2.1 Dodging
 - Level 2.0 Spellcasting
 - Level 2.4 Translocations


You had 6 spell levels left.
You didn't know any spells.
Your spell library contained the following spells:

 Spells                   Type           Power      Damage    Failure   Level
 Blink                    Tloc           14%        N/A       99%         2
 Gell's Gravitas          Tloc           7%         N/A       100%        3
 Lesser Beckoning         Tloc           7%         N/A       100%        3
 Teleport Other           Tloc           7%         N/A       100%        3
 Manifold Assault         Tloc           7%         N/A       100%        5

Inventory:

Hand Weapons
 d - a +0 whip
 Y - a +0 hand axe (weapon)
Armour
 g - a +0 chain mail (worn)
Jewellery
 e - a ring of fire
Scrolls
 j - a scroll of identify
Potions
 h - a potion of lignification {unknown}

Dungeon Overview and Level Annotations

Branches:
Dungeon (1/15)

Altars:


Message History

Done exploring.
1056 ||| READING 2 scrolls labelled BENAYWKU GUJOE.
As you read the scroll labelled BENAYWKU GUJOE, it crumbles to dust.
It is a scroll of identify.
Really abort (and waste the scroll)?
Done exploring.
1057 ||| READING scroll labelled VODANN IG VIV.
As you read the scroll labelled VODANN IG VIV, it crumbles to dust.
You feel strangely unstable.
It was a scroll of teleportation.
You start waiting.
Your surroundings suddenly seem different.
Done exploring.
1061 ||| READING scroll labelled CYLLUWN LEOMP.
The air fills with toxic fumes!
As you read the scroll labelled CYLLUWN LEOMP, it crumbles to dust.
It was a scroll of poison.
Done exploring.
1062 ||| DROPPING scroll of blinking.
You drop a scroll of blinking.
Done exploring.
(D) Dungeon
Where to? (* - list waypoints, ? - help)
What level of the Dungeon? (default 1, ? - help) Sorry, I don't know how to get there.
Done exploring.
1063 ||| Stepping randomly (stuck).
Really walk into that cloud of poison gas?
You are engulfed in poison gas.
You are lethally poisoned!
You feel very sick.
1064 ||| Stepping ~*~*~tactically~*~*~ (cloud).
You feel very sick.
You see here a scroll of blinking.
There is a lethal amount of poison in your body!
You feel very sick.
There is a lethal amount of poison in your body!
You feel sick.
There is a lethal amount of poison in your body!
You feel sick.
There is a lethal amount of poison in your body!
You die...

..##.....##.##.###
..##_....##..0.¤¤#
..##.....#...#¤#0#
...#.........#¤¤¤#
..###....#...#¤#¤#
..# #....#####0¤¤#
..####...######¤¤#
....##...##0¤0¤¤¤#
#.#.###...#.###¤@#
#.#.###...### #¤¤#
#.....#....####0¤#
###........##.¤¤¤#
######......####¤#
......#.....#..¤¤#
######......######
# ##.....# #
#.....#


There were no monsters in sight!

Vanquished Creatures
  3 ball pythons (D:1)
  An endoplasm (D:1)
  4 giant cockroaches (D:1)
  4 goblins (D:1)
  2 hobgoblins (D:1)
  3 quokkas (D:1)
  3 frilled lizards (D:1)
  4 kobolds (D:1)
  2 rats (D:1)
26 creatures vanquished.

Notes
Turn   | Place    | Note
-------+----------+-------------------------------------------
     0 | D:1      | qw the Tengu Warper began the quest for the Orb.
     0 | D:1      | Reached XP level 1. HP: 12/12 MP: 4/4
     0 | D:1      | 0 ||| qw: Version: 0.1-a-89-g26bdef1
     0 | D:1      | 0 ||| qw: Game counter: 3474
     0 | D:1      | 0 ||| qw: Always use a shield: true
     0 | D:1      | 0 ||| qw: God list: Okawaru
     0 | D:1      | 0 ||| qw: Allow faded altars: false
     0 | D:1      | 0 ||| qw: Do Orc after D:15 true
     0 | D:1      | 0 ||| qw: Do second Lair branch before Depths: true
     0 | D:1      | 0 ||| qw: Lair rune preference: random
     0 | D:1      | 0 ||| qw: Plans: Normal
     0 | D:1      | 0 ||| PLANNING D:1-11
   127 | D:1      | Reached skill level 3 in Axes
   127 | D:1      | Reached XP level 2. HP: 17/17 MP: 6/6
   153 | D:1      | 153 ||| DROPPING +0 club.
   596 | D:1      | Reached XP level 3. HP: 19/21 MP: 7/7
   755 | D:1      | Found a faded altar of an unknown god.
  1043 | D:1      | 1043 ||| UPGRADING to +0 chain mail.
  1053 | D:1      | 1053 ||| DROPPING +0 leather armour.
  1054 | D:1      | 1054 ||| READING scroll labelled XIREOQ TIYC.
  1055 | D:1      | 1055 ||| READING scroll labelled GUUNTE OSOHU.
  1056 | D:1      | 1056 ||| READING 2 scrolls labelled BENAYWKU GUJOE.
  1057 | D:1      | 1057 ||| READING scroll labelled VODANN IG VIV.
  1061 | D:1      | 1061 ||| READING scroll labelled CYLLUWN LEOMP.
  1062 | D:1      | 1062 ||| DROPPING scroll of blinking.
  1063 | D:1      | 1063 ||| Stepping randomly (stuck).
  1064 | D:1      | 1064 ||| Stepping ~*~*~tactically~*~*~ (cloud).
  1065 | D:1      | HP: 5/21 [poisoned by you (poison gas)]
  1067 | D:1      | HP: 1/21 [poisoned by you (poison gas)]
  1068 | D:1      | Succumbed to their own poison gas

Levels and vault maps discovered:
D:1:      giann_wishing_wells, layout_loops_ring,
          hellmonk_ecumenical_altar_zigzags, minmay_bisected

Skill      XL: |  1 |
---------------+----+-----
Axes           | 3 |  3.9
Fighting       | |  2.0
Throwing       | |  1.0
Armour         | |  1.1
Dodging        | |  2.1
Spellcasting   | |  2.0
Translocations | |  2.4

Action                   || total
-------------------------++-------
Melee: Hand axe          ||    57
       Kick              ||    14
       Punch             ||     2
       Peck              ||     8
Throw: Boomerang         ||     7
  Use: Scroll            ||     5
Armor: Leather armour    ||    14
Dodge: Dodged            ||    26

Table legend:
 A = Non-vault XP
 B = Vault XP
 C = Vault XP percentage of total XP
 D = Non-vault monster count
 E = Vault monster count
 F = Vault count percentage of total count
                 A         B        C        D         E       F
            +---------+---------+-------+---------+---------+-------
      Total |      38 |       5 |  11.6 |      23 |       3 |  11.5
            +---------+---------+-------+---------+---------+-------
        D:1 |      38 |       5 |  11.6 |      23 |       3 |  11.5
            +---------+---------+-------+---------+---------+-------
